 Dungeon Crawl Stone Soup version 0.19.3-4-gbf9329e (webtiles) character file.

252 esteth the Conjurer (level 5, 0/28 HPs)
             Began as a Deep Elf Fire Elementalist on Jan 27, 2017.
             Slain by a hound (6 damage)
             ... on level 4 of the Dungeon on Jan 28, 2017.
             The game lasted 00:11:03 (3618 turns).

esteth the Conjurer (Deep Elf Fire Elementalist)    Turns: 3618, Time: 00:11:03

Health: 0/28       AC:  4    Str:  9    XL:     5   Next: 89%
Magic:  0/11       EV: 13    Int: 21    God:
Gold:   123        SH:  0    Dex: 15    Spells: 2 memorised, 5 levels left

rFire  + . .     SeeInvis .     t - +3 club
rCold  x . .     Gourm    .     a - +1 robe
rNeg   . . .     Faith    .     (no shield)
rPois  .         Spirit   .     (no helmet)
rElec  .         Reflect  .     y - +0 cloak
rCorr  .         Harm     .     (no gloves)
MR     .....                    (no boots)
Stlth  ++........               (no amulet)
                                w - ring of fire
                                s - +4 ring of strength

@: no status effects
A: no striking features
a: no special abilities


You were on level 4 of the Dungeon.
You were not hungry.

You visited 1 branch of the dungeon, and saw 4 of its levels.

You collected 123 gold pieces.

Inventory:

Hand Weapons
 m - a +0 whip
 t - a +3 club (weapon)
Armour
 a - a +1 robe (worn)
 y - a +0 cloak (worn)
Jewellery
 s - a +4 ring of strength (left hand)
 w - a ring of fire (right hand)
Wands
 r - a wand of heal wounds (2/9)
Scrolls
 e - 2 scrolls of identify
 g - a scroll of blinking {unknown}
 i - 3 scrolls of amnesia
 k - a scroll of magic mapping
 v - a scroll of teleportation
Potions
 d - 2 potions of lignification {unknown}
 h - a potion of cancellation {unknown}
 j - 2 potions of haste
 l - a potion of magic {unknown}
 n - 2 potions of heal wounds {unknown}
 o - 2 potions of curing {unknown}
 p - 2 potions of mutation {unknown}
 x - 2 potions of invisibility {unknown}
 z - a potion of might {unknown}
Books
 b - a book of Flames

   Spells                             Type                      Level
   a - Flame Tongue                   Conjuration/Fire             1
   b - Throw Flame                    Conjuration/Fire             2
   c - Conjure Flame                  Conjuration/Fire             3
   d - Inner Flame                    Hexes/Fire                   3
   e - Sticky Flame                   Conjuration/Fire             4
   f - Fireball                       Conjuration/Fire             5
Comestibles
 c - 4 bread rations
 f - 5 meat rations
 q - a beef jerky
 u - a chunk of flesh


   Skills:
 - Level 2.4 Dodging
 - Level 2.4 Stealth
 - Level 3.0 Spellcasting
 + Level 5.2 Conjurations
 - Level 5.1 Fire Magic


You had 5 spell levels left.
You knew the following spells:

 Your Spells              Type           Power        Failure   Level  Hunger
a - Flame Tongue          Conj/Fire      #####        1%          1    None
b - Sticky Flame          Conj/Fire      #####...     21%         4    ####...


Dungeon Overview and Level Annotations

Branches:
Dungeon (4/15)
 Temple: D:4-7

Altars:
Ashenzari
Nemelex Xobeh
Okawaru
Trog
Xom
Yredelemnul


Message History

The ball python's grasp on you weakens, but your attempt to escape fails.
The ball python misses you.
* * * LOW HITPOINT WARNING * * *
The ball python constricts you.
Casting: Flame Tongue
Confirm with . or Enter, or press ? or * to list all spells.
Aiming: Flame Tongue
Press: ? - help, Shift-Dir - straight line, f - ball python
Aim: a ball python (constricting you)
You feel a surge of power!
The flame tongue hits the ball python.
You kill the ball python!
The hound bites you but does no damage. The hound closely misses you.
Casting: Flame Tongue
Confirm with . or Enter, or press ? or * to list all spells.
You don't have enough magic to cast that spell.
Unknown command.
You hit the hound.
The hound is lightly wounded.
The hound closely misses you. The hound bites you.
You die...

#............
#.....[......
#............
#............
#......$†....
#.....[......
#.....†....#
#...@...##
#....h...#
##.........#
###..........#
#...##.(.).....
#...###.....###
#.<## .......#
#.....#
.......#
#....## ......#


You could see a hound.

Vanquished Creatures
  A howler monkey (D:4)
  A hound (D:4)
  Ijyb (D:3)
  7 adders
  2 oozes
  A worm (D:3)
  A leopard gecko (D:2)
  2 orcs (D:3)
  2 ball pythons
  6 giant cockroaches
  8 goblins
  10 hobgoblins
  A quokka (D:4)
  8 bats
  6 frilled lizards
  11 kobolds
  A quokka skeleton (D:4)
  10 rats
79 creatures vanquished.

Notes
Turn   | Place    | Note
-------+----------+-------------------------------------------
     0 | D:1      | esteth the Deep Elf Fire Elementalist began the quest for the Orb.
     0 | D:1      | Reached XP level 1. HP: 10/10 MP: 6/6
   473 | D:1      | Reached XP level 2. HP: 15/15 MP: 5/8
  1238 | D:2      | Reached XP level 3. HP: 18/19 MP: 3/9
  1846 | D:2      | Reached XP level 4. HP: 24/24 MP: 7/10
  2282 | D:3      | Found an iron altar of Okawaru.
  2323 | D:3      | Learned a level 4 spell: Sticky Flame
  2877 | D:3      | Found a sparkling altar of Nemelex Xobeh.
  2917 | D:3      | Noticed Ijyb
  2942 | D:3      | Killed Ijyb
  2942 | D:3      | Reached skill level 5 in Fire Magic
  2942 | D:3      | Reached XP level 5. HP: 14/28 MP: 0/11
  3352 | D:3      | Found a shimmering altar of Xom.
  3354 | D:3      | Found a glowing golden altar of the Shining One.
  3354 | D:3      | Found a basalt altar of Yredelemnul.
  3399 | D:3      | Found a shattered altar of Ashenzari.
  3399 | D:3      | Found a bloodstained altar of Trog.
  3399 | D:3      | Found an iron altar of Okawaru.
  3615 | D:4      | Reached skill level 5 in Conjurations
  3618 | D:4      | Slain by a hound

Skill      XL: |  1  2  3  4  5 |
---------------+----------------+-----
Conjurations   | 2 3 4 5 |  5.2
Fire Magic     | 5 |  5.1
Dodging        | |  2.4
Stealth        | |  2.4
Spellcasting   | |  3.0

Action                   |  1- 3 |  4- 6 || total
-------------------------+-------+-------++-------
Melee: Club              |       |     6 ||     6
 Cast: Flame Tongue      |    53 |   103 ||   156
       Sticky Flame      |       |     1 ||     1
  Use: Scroll            |     8 |     1 ||     9
  Eat: Chunk             |     3 |     5 ||     8
Armor: Robe              |     1 |    14 ||    15
Dodge: Dodged            |     6 |    50 ||    56
